TOP OF THE 1ST |
Springfield Cardinals batting - Pitching for Reading Fightin Phils : RHP Dale Turner
|
Pitching: RHP Dale Turner
|
|
Batting: RHB Fortunato Fteira
|
0-0: Swinging Strike 0-1: Foul Ball, location: 2F 0-2: SINGLE (Line Drive, 8LS, EV 100.6 MPH)
|
Batting: RHB Tyler Walker
|
0-0: Called Strike Fortunato Fteira steals 2nd base 0-1: Ball 1-1: Called Strike 1-2: Ball 2-2: Ball 3-2: Foul Ball, location: 2F 3-2: Base on Balls
|
Batting: LHB Travis Ruppel
|
0-0: Ball 1-0: Fly out, F7 (Flyball, 7D, EV 101.9 MPH) Runner from 2nd tags up, SAFE at 3rd, no throw by LF
|
Batting: RHB Joe Alley
|
0-0: Ball Tyler Walker is caught stealing 2nd base 2-4 1-0: Ball Passed Ball! Fortunato Fteira scores 2-0: Ball 3-0: Base on Balls
|
Batting: RHB Tommy Boudreaux
|
0-0: Ground out 4-3 (Groundball, 4, EV 89.4 MPH)
|
Top of the 1st over - 1 run, 1 hit, 0 errors, 1 left on base; Springfield 1 - Reading 0 |
BOTTOM OF THE 1ST |
Reading Fightin Phils batting - Pitching for Springfield Cardinals : RHP Austin Akers
|
Pitching: RHP Austin Akers
|
|
Batting: RHB Tony Perez
|
0-0: Ball 1-0: Ball 2-0: Ground out 6-3 (Groundball, 6, EV 89.4 MPH)
|
Batting: RHB Prabhukumar Santhanakrishnan
|
0-0: Ball 1-0: Foul Ball, location: 2F 1-1: Foul Ball, location: 2F 1-2: Foul Ball, location: 2F 1-2: Ball 2-2: Ball 3-2: Fly out, F8 (Flyball, 8RD, EV 109.4 MPH)
|
Batting: RHB Alan Weller
|
0-0: Ball 1-0: Ground out 5-3 (Groundball, 56, EV 100.6 MPH)
|
Bottom of the 1st over - 0 runs, 0 hits, 0 errors, 0 left on base; Springfield 1 - Reading 0 |
TOP OF THE 2ND |
Springfield Cardinals batting - Pitching for Reading Fightin Phils : RHP Dale Turner
|
Batting: RHB Kalidas Mishra
|
0-0: Ground out U3 (Groundball, 34, EV 98.8 MPH)
|
Batting: RHB Jose Jimenez
|
0-0: Called Strike 0-1: Ball 1-1: Called Strike 1-2: SINGLE (Groundball, 56, EV 103.1 MPH) (infield hit)
|
Batting: RHB Edgar Landim
|
0-0: Ball 1-0: Swinging Strike 1-1: Foul Ball, location: 2F 1-2: Foul Ball, location: 2F 1-2: Ball 2-2: Strikes out looking
|
Batting: RHB Austin Akers
|
0-0: Ball Jose Jimenez steals 2nd base 1-0: Called Strike 1-1: Ball 2-1: Fly out, F8 (Line Drive, 8LD, EV 91.9 MPH)
|
Top of the 2nd over - 0 runs, 1 hit, 0 errors, 1 left on base; Springfield 1 - Reading 0 |
BOTTOM OF THE 2ND |
Reading Fightin Phils batting - Pitching for Springfield Cardinals : RHP Austin Akers
|
Batting: RHB Guan-pei Gao
|
0-0: Called Strike 0-1: Foul Ball, location: 2F 0-2: Strikes out looking
|
Batting: LHB Danny Zuniga
|
0-0: Called Strike 0-1: Ball 1-1: SINGLE (Groundball, 3D, EV 104.4 MPH)
|
Batting: RHB Pablo Lopez
|
0-0: Ball 1-0: Ball 2-0: Foul Ball, location: 2F 2-1: Swinging Strike 2-2: Foul Ball, location: 2F 2-2: Foul Ball, location: 2F 2-2: Foul Ball, location: 2F 2-2: Strikes out swinging
|
Batting: RHB Jose Corral
|
0-0: Ball 1-0: Ground out 5-3 (Groundball, 56S, EV 71.9 MPH)
|
Bottom of the 2nd over - 0 runs, 1 hit, 0 errors, 1 left on base; Springfield 1 - Reading 0 |
TOP OF THE 3RD |
Springfield Cardinals batting - Pitching for Reading Fightin Phils : RHP Dale Turner
|
Batting: RHB Fortunato Fteira
|
0-0: Ball 1-0: Fly out, F9 (Flyball, 89S, EV 78.1 MPH)
|
Batting: RHB Tyler Walker
|
0-0: Ball 1-0: Called Strike 1-1: Foul Ball, location: 2F 1-2: Foul Ball, location: 2F 1-2: Strikes out swinging
|
Batting: LHB Travis Ruppel
|
0-0: Fly out, F7 (Flyball, 7, EV 87.5 MPH)
|
Top of the 3rd over - 0 runs, 0 hits, 0 errors, 0 left on base; Springfield 1 - Reading 0 |
BOTTOM OF THE 3RD |
Reading Fightin Phils batting - Pitching for Springfield Cardinals : RHP Austin Akers
|
Batting: LHB Alex Fernandez
|
0-0: Ball 1-0: Ball 2-0: Called Strike 2-1: Ground out 4-3 (Groundball, 4, EV 83.1 MPH)
|
Batting: LHB Doug Frampton
|
0-0: Swinging Strike 0-1: Swinging Strike 0-2: Ball 1-2: Strikes out swinging
|
Batting: RHB Tony Perez
|
0-0: Foul Ball, location: 2F 0-1: Foul Ball, location: 2F 0-2: Hit by Pitch
|
Batting: RHB Prabhukumar Santhanakrishnan
|
0-0: Ball Tony Perez steals 2nd, throwing error, E2 Tony Perez to third 1-0: Called Strike 1-1: Called Strike 1-2: Ball 2-2: Foul Ball, location: 2F 2-2: SINGLE (Groundball, 6S, EV 68.1 MPH) (infield hit) Tony Perez scores
|
Pinch Runner at 1st Danny Habermehl:
|
|
Batting: RHB Alan Weller
|
0-0: Ball 1-0: Ball 2-0: Fly out, F8 (Flyball, 8LXD, EV 107.5 MPH)
|
Bottom of the 3rd over - 1 run, 1 hit, 1 error, 1 left on base; Springfield 1 - Reading 1 |
TOP OF THE 4TH |
Springfield Cardinals batting - Pitching for Reading Fightin Phils : RHP Dale Turner
|
Now in CF: Alex Fernandez
|
|
Now in RF: Danny Habermehl
|
|
Batting: RHB Joe Alley
|
0-0: Foul Ball, location: 2F 0-1: Foul Ball, location: 2F 0-2: Ground out 6-3 (Groundball, 6, EV 103.1 MPH)
|
Batting: RHB Tommy Boudreaux
|
0-0: Ball 1-0: Ball 2-0: Swinging Strike 2-1: Foul Ball, location: 2F 2-2: SINGLE (Groundball, 34D, EV 100.0 MPH)
|
Batting: RHB Kalidas Mishra
|
0-0: Ball 1-0: Ball 2-0: Called Strike 2-1: Reached on error, E6 (Groundball, 6M, EV 100.6 MPH) Tommy Boudreaux to second
|
Batting: RHB Jose Jimenez
|
0-0: Ball 1-0: Called Strike 1-1: Foul Ball, location: 2F 1-2: Strikes out swinging
|
Batting: RHB Edgar Landim
|
0-0: Ball 1-0: Foul Ball, location: 2F 1-1: Ball 2-1: Foul Ball, location: 2F 2-2: Strikes out swinging
|
Top of the 4th over - 0 runs, 1 hit, 1 error, 2 left on base; Springfield 1 - Reading 1 |
BOTTOM OF THE 4TH |
Reading Fightin Phils batting - Pitching for Springfield Cardinals : RHP Austin Akers
|
Batting: RHB Guan-pei Gao
|
0-0: Ball 1-0: Ball 2-0: SINGLE (Line Drive, 9S, EV 103.1 MPH)
|
Batting: LHB Danny Zuniga
|
0-0: Called Strike 0-1: Called Strike 0-2: Ball 1-2: Foul Ball, location: 2F 1-2: Ball 2-2: Ball 3-2: Base on Balls Guan-pei Gao to second
|
Batting: RHB Pablo Lopez
|
0-0: Ground out 4-3 (Groundball, 4S, EV 63.1 MPH) Guan-pei Gao to third Danny Zuniga to second
|
Batting: RHB Jose Corral
|
0-0: SINGLE (Groundball, 6MD, EV 102.5 MPH) Guan-pei Gao scores Danny Zuniga to third
|
Batting: LHB Alex Fernandez
|
0-0: Ball 1-0: SINGLE (Line Drive, 78S, EV 103.8 MPH) Danny Zuniga scores Jose Corral to second
|
Batting: LHB Doug Frampton
|
0-0: SINGLE (Line Drive, 9S, EV 95.6 MPH) Jose Corral to third Alex Fernandez to second
|
Batting: RHB Tony Perez
|
0-0: Called Strike 0-1: Ball 1-1: Ball 2-1: Called Strike 2-2: Fly out, F9 (Flyball, 9, EV 85.0 MPH)
|
Batting: RHB Danny Habermehl
|
0-0: Ball 1-0: Foul Ball, location: 2F 1-1: Ball 2-1: Foul Ball, location: 2F 2-2: SINGLE (Line Drive, 56D, EV 103.8 MPH) Jose Corral scores Alex Fernandez to third Doug Frampton to second Runner from 3rd tries for Home, SAFE, throw by LF to home
|
Batting: RHB Alan Weller
|
0-0: Called Strike 0-1: SINGLE (Line Drive, 6MD, EV 97.5 MPH) Doug Frampton to third Danny Habermehl to second Runner from 3rd tries for Home, SAFE, throw by CF to home
|
Pitching: RHP Brad Shafer
|
|
Batting: RHB Guan-pei Gao
|
0-0: Swinging Strike 0-1: Foul Ball, location: 2F 0-2: Ball 1-2: Foul Ball, location: 2F 1-2: Foul Ball, location: 2F 1-2: Strikes out swinging
|
Bottom of the 4th over - 5 runs, 6 hits, 0 errors, 2 left on base; Springfield 1 - Reading 6 |
TOP OF THE 5TH |
Springfield Cardinals batting - Pitching for Reading Fightin Phils : RHP Dale Turner
|
Batting: RHB Austin Akers
|
0-0: SINGLE (Groundball, 25, EV 68.1 MPH) (infield hit)
|
Batting: RHB Fortunato Fteira
|
0-0: Ball 1-0: SINGLE (Groundball, 34S, EV 88.8 MPH) (infield hit) Austin Akers to second
|
Batting: RHB Tyler Walker
|
0-0: Foul Ball, location: 2F 0-1: Foul Ball, location: 2F 0-2: Foul Ball, location: 2F 0-2: Foul Ball, location: 2F 0-2: Strikes out swinging
|
Batting: LHB Travis Ruppel
|
0-0: Called Strike Austin Akers steals 3rd base Fortunato Fteira to second 0-1: Ball 1-1: 3-RUN HOME RUN (Flyball, 89XD, EV 103.8 MPH), Distance : 413 ft
|
Batting: RHB Joe Alley
|
0-0: Ball 1-0: Swinging Strike 1-1: Ground out U3 (Groundball, 34S, EV 91.2 MPH)
|
Batting: RHB Tommy Boudreaux
|
0-0: SINGLE (Line Drive, 6MD, EV 98.1 MPH)
|
Batting: RHB Kalidas Mishra
|
Pickoff Throw to First - Out! 1-3 CS
|
Top of the 5th over - 3 runs, 4 hits, 0 errors, 0 left on base; Springfield 4 - Reading 6 |
BOTTOM OF THE 5TH |
Reading Fightin Phils batting - Pitching for Springfield Cardinals : RHP Brad Shafer
|
Batting: LHB Danny Zuniga
|
0-0: Ball 1-0: Foul Ball, location: 2F 1-1: Swinging Strike 1-2: DOUBLE (Line Drive, 89D, EV 104.4 MPH)
|
Batting: RHB Pablo Lopez
|
0-0: Ball 1-0: Foul Ball, location: 2F 1-1: Ball 2-1: Foul Ball, location: 2F 2-2: Ball 3-2: Reached on error, E5 (Groundball, 56, EV 90.0 MPH) Danny Zuniga to third
|
Batting: RHB Jose Corral
|
0-0: Ball 1-0: Foul Ball, location: 2F 1-1: Ball 2-1: Foul Ball, location: 2F 2-2: Ground out 5-3 (Groundball, 56S, EV 87.5 MPH) Pablo Lopez to second
|
Batting: LHB Alex Fernandez
|
0-0: Foul Ball, location: 2F 0-1: Swinging Strike 0-2: Strikes out looking
|
Batting: LHB Doug Frampton
|
0-0: Ball 1-0: Ball 2-0: Called Strike 2-1: Foul Ball, location: 2F 2-2: Foul Ball, location: 2F 2-2: Strikes out swinging
|
Bottom of the 5th over - 0 runs, 1 hit, 1 error, 2 left on base; Springfield 4 - Reading 6 |
TOP OF THE 6TH |
Springfield Cardinals batting - Pitching for Reading Fightin Phils : RHP Dale Turner
|
Batting: RHB Kalidas Mishra
|
0-0: Ball 1-0: Ball 2-0: Called Strike 2-1: Ball 3-1: Foul Ball, location: 2F 3-2: Ground out 3-1 (Groundball, 13, EV 86.2 MPH)
|
Batting: RHB Jose Jimenez
|
0-0: Swinging Strike 0-1: Foul Ball, location: 2F 0-2: SOLO HOME RUN (Flyball, 78XD, EV 103.1 MPH), Distance : 407 ft
|
Pitching: RHP Ron Knowles
|
|
Batting: RHB Edgar Landim
|
0-0: Ball 1-0: Ball 2-0: Swinging Strike 2-1: SINGLE (Line Drive, 7S, EV 95.6 MPH)
|
Batting: RHB Austin Akers
|
0-0: Swinging Strike 0-1: Ball 1-1: TRIPLE (Line Drive, 9LD, EV 98.1 MPH) Edgar Landim scores
|
Batting: RHB Fortunato Fteira
|
0-0: Ball 1-0: Called Strike 1-1: Ball 2-1: Reached on error, E4 (Groundball, 4, EV 100.0 MPH) Austin Akers scores
|
Batting: RHB Tyler Walker
|
0-0: Ball 1-0: Ball Fortunato Fteira steals 2nd base 2-0: Ball 3-0: Called Strike 3-1: Foul Ball, location: 2F 3-2: Strikes out swinging
|
Batting: LHB Travis Ruppel
|
0-0: Foul Ball, location: 2F 0-1: Called Strike 0-2: Ball 1-2: SINGLE (Groundball, 34D, EV 96.9 MPH) Fortunato Fteira to third Runner from 3rd tries for Home, SAFE, throw by RF to home
|
Batting: RHB Joe Alley
|
0-0: Foul Ball, location: 2F 0-1: Ball 1-1: Swinging Strike 1-2: Strikes out looking
|
Top of the 6th over - 4 runs, 4 hits, 1 error, 1 left on base; Springfield 8 - Reading 6 |
BOTTOM OF THE 6TH |
Reading Fightin Phils batting - Pitching for Springfield Cardinals : RHP Brad Shafer
|
Batting: RHB Tony Perez
|
0-0: Called Strike 0-1: Swinging Strike 0-2: Ball 1-2: Ball 2-2: Ball 3-2: Foul Ball, location: 2F 3-2: Base on Balls
|
Pitching: RHP Ben Cook
|
|
Batting: RHB Danny Habermehl
|
0-0: Called Strike 0-1: Grounds into double play, 6-4-3 (Groundball, 6, EV 104.4 MPH)
|
Batting: RHB Alan Weller
|
0-0: Ball 1-0: Ball 2-0: Fly out, F7 (Flyball, 7, EV 93.1 MPH)
|
Bottom of the 6th over - 0 runs, 0 hits, 0 errors, 0 left on base; Springfield 8 - Reading 6 |
TOP OF THE 7TH |
Springfield Cardinals batting - Pitching for Reading Fightin Phils : RHP Ron Knowles
|
Pitching: RHP Jonathan Beishline
|
|
Batting: RHB Tommy Boudreaux
|
0-0: Foul Ball, location: 2F 0-1: Ball 1-1: Fly out, F7 (Line Drive, 7, EV 85.6 MPH)
|
Batting: RHB Kalidas Mishra
|
0-0: Ball 1-0: SOLO HOME RUN (Flyball, 7LD, EV 90.6 MPH), Distance : 335 ft
|
Batting: RHB Jose Jimenez
|
0-0: Fly out, F7 (Flyball, 7D, EV 90.0 MPH)
|
Batting: RHB Edgar Landim
|
0-0: Called Strike 0-1: Foul Ball, location: 2F 0-2: SINGLE (Groundball, 4MD, EV 109.4 MPH)
|
Batting: RHB Austin Akers
|
0-0: Fielders Choice at 2nd, 5-4 (Groundball, 5, EV 91.9 MPH)
|
Top of the 7th over - 1 run, 2 hits, 0 errors, 1 left on base; Springfield 9 - Reading 6 |
BOTTOM OF THE 7TH |
Reading Fightin Phils batting - Pitching for Springfield Cardinals : RHP Ben Cook
|
Batting: RHB Guan-pei Gao
|
0-0: Foul Ball, location: 2F 0-1: Foul Ball, location: 2F 0-2: Ball 1-2: Ball 2-2: Ball 3-2: Fly out, F7 (Flyball, 7LM, EV 85.0 MPH)
|
Batting: LHB Danny Zuniga
|
0-0: Ball 1-0: Ball 2-0: Foul Ball, location: 2F 2-1: Foul Ball, location: 2F 2-2: Foul Ball, location: 2F 2-2: DOUBLE (Groundball, 3D, EV 103.8 MPH)
|
Batting: RHB Pablo Lopez
|
0-0: Foul Ball, location: 2F 0-1: Foul Ball, location: 2F 0-2: Ball 1-2: Foul Ball, location: 2F 1-2: Strikes out swinging
|
Batting: RHB Jose Corral
|
0-0: Ball 1-0: Fly out, F7 (Flyball, 78S, EV 81.9 MPH)
|
Bottom of the 7th over - 0 runs, 1 hit, 0 errors, 1 left on base; Springfield 9 - Reading 6 |
TOP OF THE 8TH |
Springfield Cardinals batting - Pitching for Reading Fightin Phils : RHP Jonathan Beishline
|
Pitching: LHP Chris Burch
|
|
Batting: RHB Fortunato Fteira
|
0-0: Ball 1-0: Ball 2-0: Ball 3-0: Called Strike 3-1: Swinging Strike 3-2: Strikes out swinging
|
Pitching: RHP Jeremy Mitchem
|
|
Batting: RHB Tyler Walker
|
0-0: Ball 1-0: Swinging Strike 1-1: Ball 2-1: Ball 3-1: Foul Ball, location: 2F 3-2: SINGLE (Groundball, 56S, EV 66.2 MPH) (infield hit)
|
Batting: LHB Travis Ruppel
|
0-0: Ball 1-0: Ball 2-0: Swinging Strike 2-1: Ball 3-1: Foul Ball, location: 2F 3-2: Strikes out swinging
|
Batting: RHB Joe Alley
|
0-0: Called Strike 0-1: Ball 1-1: Ball 2-1: Called Strike 2-2: Foul Ball, location: 2F 2-2: Foul Ball, location: 2F 2-2: Ground out 1-3 (Groundball, 34S, EV 63.1 MPH)
|
Top of the 8th over - 0 runs, 1 hit, 0 errors, 1 left on base; Springfield 9 - Reading 6 |
BOTTOM OF THE 8TH |
Reading Fightin Phils batting - Pitching for Springfield Cardinals : RHP Ben Cook
|
Pitching: LHP Dan Poirier
|
|
Batting: LHB Alex Fernandez
|
0-0: Called Strike 0-1: Called Strike 0-2: Ball 1-2: Strikes out swinging
|
Batting: LHB Doug Frampton
|
0-0: Foul Ball, location: 2F 0-1: Ball 1-1: Foul Ball, location: 2F 1-2: Strikes out looking
|
Pitching: RHP Chris Moore
|
|
Batting: RHB Tony Perez
|
0-0: Ball 1-0: Ball 2-0: Foul Ball, location: 2F 2-1: Foul Ball, location: 2F 2-2: Fly out, F6 (Line Drive, 6, EV 71.9 MPH)
|
Bottom of the 8th over - 0 runs, 0 hits, 0 errors, 0 left on base; Springfield 9 - Reading 6 |
TOP OF THE 9TH |
Springfield Cardinals batting - Pitching for Reading Fightin Phils : RHP Jeremy Mitchem
|
Batting: RHB Tommy Boudreaux
|
0-0: Ground out 4-3 (Groundball, 4, EV 106.2 MPH)
|
Batting: RHB Kalidas Mishra
|
0-0: Called Strike 0-1: Ball 1-1: Reached on error, E5 (Groundball, 56, EV 87.5 MPH)
|
Batting: RHB Jose Jimenez
|
0-0: Called Strike 0-1: Foul Ball, location: 2F 0-2: Ball 1-2: Ball 2-2: Foul Ball, location: 2F 2-2: Ball 3-2: Foul Ball, location: 2F 3-2: Fly out, F7 (Line Drive, 7, EV 94.4 MPH)
|
Batting: RHB Edgar Landim
|
Pickoff Throw to First - Out! 1-3
|
Top of the 9th over - 0 runs, 0 hits, 1 error, 0 left on base; Springfield 9 - Reading 6 |
BOTTOM OF THE 9TH |
Reading Fightin Phils batting - Pitching for Springfield Cardinals : RHP Chris Moore
|
Pitching: LHP Nick Suggett
|
|
Batting: RHB Danny Habermehl
|
0-0: Called Strike 0-1: Ball 1-1: Foul Ball, location: 2F 1-2: Ball 2-2: Ground out 5-3 (Groundball, 56S, EV 82.5 MPH)
|
Batting: RHB Alan Weller
|
0-0: Called Strike 0-1: Ground out 6-3 (Groundball, 6, EV 106.2 MPH)
|
Batting: RHB Guan-pei Gao
|
0-0: Ball 1-0: Swinging Strike 1-1: Ball 2-1: Ball 3-1: Ground out 6-3 (Groundball, 6, EV 89.4 MPH)
|
Bottom of the 9th over - 0 runs, 0 hits, 0 errors, 0 left on base; Springfield 9 - Reading 6 |
|